Eagles vs Wolfpack (R1)

Created - December 21, 2022 at 19:03

Goals
1 2 3 OT1 SO T
Eagles 1 3 1 0 0 5
Wolfpack 1 1 3 0 1 6
Shots
1 2 3 OT1 SO T
Eagles 15 11 12 0 3 38
Wolfpack 9 13 10 0 2 32

1st period

1. Wolfpack , Seth Griffith 16 (David Pope 22, Samuel Blais 9) at 8:34
2. Eagles , Nick Cousins 18 (Jonathan Marchessault 26) at 13:00

Penalties :
Samuel Blais (Har) for Hooking (Minor) at 6:27, Jonathan Marchessault (Col) for Hooking (Minor) at 8:50, Derrick Pouliot (Har) for Tripping (Minor) at 13:40, Derrick Pouliot (Har) for Hooking (Minor) at 19:58

2nd period

3. Eagles , Nick Cousins 19 (Joseph Blandisi 9, Jonathan Marchessault 27) at 0:18 (PP)
4. Eagles , Gabriel Vilardi 2 (Zach Aston-Reese 6, Adin Hill) at 14:02
5. Eagles , Nick Cousins 20 (Ryan Murphy 11, Jarred Tinordi 11) at 18:27 (PP)
6. Wolfpack , Samuel Blais 14 (Brett Ponich 13, Ivan Fedotov) at 19:02 (PP)

Penalties :
Joseph Blandisi (Col) for Roughing (Minor) at 11:32, Connor Chatam (Har) for Hooking (Minor) at 16:55, Matteson Iacopelli (Col) for Hooking (Minor) at 18:32

3rd period

7. Wolfpack , Seth Griffith 17 (David Pope 23, Sebastian Collberg 15) at 2:05 (PP)
8. Wolfpack , Samuel Blais 15 (Jonas Brodin 13, Steven Santini 14) at 8:04
9. Wolfpack , Alex Barre-Boulet 3 (Alexander Barabanov 4, Linus Sandin 3) at 14:24
10. Eagles , Nick Cousins 21 (Jonathan Marchessault 28, Joseph Blandisi 10) at 19:59

Penalties :
Xavier Ouellet (Col) for Kneeing (Minor) at 1:49, Jonathan Racine (Col) for Slashing (Minor) at 12:07, Samuel Blais (Har) for Holding (Minor) at 14:46

Overtime #1

No Goal

Penalties :
No Penalty

Shootout

Eagles, Jonathan Marchessault - Shot Misses the Net
Wolfpack, David Pope - Goal!
Eagles, Nick Cousins - Shot Misses the Net
Wolfpack, Samuel Blais - Shot Misses the Net
Eagles, Joseph Blandisi - Shot Misses the Net

Penalties :
No Penalty

Goalie Stats

Adin Hill (Col), 27 saves from 32 shots - (0.844), OTL, 5-6-4, 63:55 minutes
Ivan Fedotov (Har), 33 saves from 38 shots - (0.868), W, 7-1-6, 65:00 minutes

Players Stats for Eagles

Player Name              G  A  P  +/- PIM S  H  SB GA TA FO     MP     PP MP  PK MP  
------------------------------------------------------------------------------------
Anthony Duclair          0  0  0  -1  0   0  0  0  0  0  0/0    15:34   1:56   1:21 
Chris Calhan             0  0  0   1  0   0  0  0  0  0  0/0     7:59   0:00   0:00 
Connor Carrick           0  0  0   0  0   0  1  3  0  0  0/0    18:36   1:47   1:52 
Dominik Kubalik          0  0  0   0  0   0  0  0  0  0  0/0     0:08   0:00   0:08 
Drake Caggiula           0  0  0   0  0   1  2  0  1  0  3/9    17:11   1:56   2:18 
Gabriel Vilardi          1  0  1  -2  0   1  2  1  0  0  0/1     9:50   0:00   0:00 
Jared McCann             0  0  0   1  0   2  0  0  1  0  1/2     8:37   0:00   0:38 
Jarred Tinordi           0  1  1  -1  0   2  5  1  0  4  0/0    30:46   6:02   4:51 
John Ramage              0  0  0   0  0   0  1  3  0  0  0/0    18:36   1:47   1:52 
Jonathan Marchessault    0  3  3   2  2   7  2  0  2  0  22/38  26:18   5:53   2:49 
Jonathan Racine          0  0  0   0  2   0  0  0  0  1  0/0    11:21   0:00   0:00 
Joseph Blandisi          0  2  2   2  2   3  0  1  1  0  1/1    23:42   5:53   0:38 
Keaton Middleton         0  0  0   0  0   0  1  0  0  0  0/0     4:32   0:00   0:00 
Mark Friedman            0  0  0   0  0   0  1  0  0  0  0/0     4:32   0:00   0:00 
Matteson Iacopelli       0  0  0   0  2   2  3  0  0  0  1/3    13:27   1:56   0:00 
Max Lajoie               0  0  0   1  0   0  0  0  0  0  0/0     2:22   0:00   0:00 
Michael Carcone          0  0  0   1  0   2  0  0  0  1  0/0     7:59   0:00   0:00 
Michael Dal Colle        0  0  0  -1  0   0  0  0  0  0  1/1     2:40   0:00   1:46 
Nick Cousins             4  0  4   2  0   8  1  0  0  0  0/1    27:20   5:53   3:48 
Pius Suter               0  0  0   0  0   0  0  0  1  0  0/0     1:14   0:00   0:00 
Ryan Murphy              0  1  1  -1  0   3  3  0  0  2  0/0    30:32   6:02   4:51 
Sam Steel                0  0  0   0  0   0  0  0  0  0  0/0     1:17   0:00   0:00 
Tyler Motte              0  0  0  -2  0   1  0  0  1  0  0/0     9:50   0:00   0:00 
Xavier Ouellet           0  0  0   0  2   1  0  2  0  0  0/0     8:59   0:00   0:00 
Zach Aston-Reese         0  1  1  -2  0   5  1  0  0  0  0/2     9:50   0:00   0:00 

Players Stats for Wolfpack

Player Name              G  A  P  +/- PIM S  H  SB GA TA FO     MP     PP MP  PK MP  
------------------------------------------------------------------------------------
Alex Barre-Boulet        1  0  1   0  0   1  0  0  0  0  2/2     7:46   0:00   0:00 
Alexander Barabanov      0  1  1   0  0   1  1  1  1  0  0/0    13:17   0:02   4:21 
Brett Ponich             0  1  1   0  0   1  2  3  3  0  0/0    30:32   4:08   4:48 
Casey Mittelstadt        0  0  0   1  0   2  1  0  0  1  5/14   21:23   2:48   4:19 
Colton White             0  0  0   1  0   1  0  2  0  0  0/0    11:40   0:00   0:21 
Connor Chatam            0  0  0   0  2   2  0  0  0  0  0/0     9:09   0:00   0:00 
David Pope               0  2  2  -1  0   2  2  0  0  0  2/3    22:37   3:53   1:14 
Derrick Pouliot          0  0  0   0  4   3  1  2  0  1  0/0    28:54   4:08   3:12 
Dryden Hunt              0  0  0   0  0   0  2  0  0  0  0/0    12:19   0:05   1:49 
Jonas Brodin             0  1  1  -1  0   2  0  1  1  2  0/0    23:09   2:35   3:01 
Linus Sandin             0  1  1   0  0   0  1  1  0  0  0/0     7:46   0:00   0:00 
Nolan Patrick            0  0  0   0  0   3  3  0  0  0  2/5    13:30   0:00   2:53 
Owen Tippet              0  0  0   1  0   1  1  0  0  0  0/0    15:08   2:48   0:00 
Ryan Culkin              0  0  0   1  0   0  2  1  0  0  0/0    12:12   0:00   0:53 
Samuel Blais             2  1  3   2  4   5  3  1  1  0  0/1    17:32   2:48   1:01 
Sebastian Collberg       0  1  1  -2  0   0  1  1  0  0  1/2    19:52   3:53   0:00 
Seth Griffith            2  0  2  -1  0   8  4  0  0  2  17/31  21:48   3:52   0:01 
Steven Santini           0  1  1  -1  0   0  1  3  2  1  0/0    23:32   2:35   3:23 

3 Stars

1 - Nick Cousins (Col)
2 - Samuel Blais (Har)
3 - Seth Griffith (Har)

Power Play

Eagles - 2 on 5 Attempt(s) - 40.00%
Wolfpack - 2 on 5 Attempt(s) - 40.00%

Penalty Kill

Eagles - 3 on 5 Attempt(s) - 60.00% - Score 0 goal in Penalty Kill
Wolfpack - 3 on 5 Attempt(s) - 60.00% - Score 0 goal in Penalty Kill

Team Stat

Eagles - Hits : 23 - Faceoff Wins : 29 - Blocked Shots : 11 - Penalty Minutes : 10
Wolfpack - Hits : 25 - Faceoff Wins : 29 - Blocked Shots : 16 - Penalty Minutes : 10

Official

Referees : Justin St. Pierre and Chris Schlenker
Linesman : Michel Cormier and Travis Toomey

Game Notes

Nick Cousins has scored a Hat Trick!

Finance

Level 1 -- Attendance: 1897 (94.85%) -- Ticket Income $66,395
Level 2 -- Attendance: 919 (91.90%) -- Ticket Income $13,785
Total Attendance: 2816 (93.87%)
Total Ticket Income: $80,180
Other Income: $4,009
Total Income: $84,189

Eagles

5 vs 5 Forward 
   Center                   Left Wing                Right Wing               Time % Phy DF OF 
 1 Jonathan Marchessault    Joseph Blandisi          Nick Cousins             40     1   2  2  
 2 Drake Caggiula           Anthony Duclair          Matteson Iacopelli       30     1   2  2  
 3 Zach Aston-Reese         Tyler Motte              Gabriel Vilardi          20     1   2  2  
 4 Jared McCann             Michael Carcone          Chris Calhan             10     1   2  2  

5 vs 5 Defense 
   Defense                  Defense                                           Time % Phy DF OF 
 1 Jarred Tinordi           Ryan Murphy                                       40     1   2  2  
 2 John Ramage              Connor Carrick                                    30     1   2  2  
 3 Jonathan Racine          Xavier Ouellet                                    20     1   2  2  
 4 Keaton Middleton         Mark Friedman                                     10     1   2  2  

PowerPlay Forward 
   Center                   Left Wing                Right Wing               Time % Phy DF OF 
 1 Jonathan Marchessault    Joseph Blandisi          Nick Cousins             60     1   2  2  
 2 Drake Caggiula           Anthony Duclair          Matteson Iacopelli       40     1   2  2  

PowerPlay Defense
   Defense                  Defense                                           Time % Phy DF OF 
 1 Jarred Tinordi           Ryan Murphy                                       60     1   2  2  
 2 John Ramage              Connor Carrick                                    40     1   2  2  

Penalty Kill 4 Players Forward 
   Center                   Wing                     Time % Phy DF OF 
 1 Jonathan Marchessault    Nick Cousins             60     1   2  2  
 2 Joseph Blandisi          Drake Caggiula           40     1   2  2  

Penalty Kill 4 Players Defense
   Defense                  Defense                  Time % Phy DF OF 
 1 Jarred Tinordi           Ryan Murphy              60     1   2  2  
 2 John Ramage              Connor Carrick           40     1   2  2  

Penalty Kill - 3 Players Forward 
   Forward                                           Time % Phy DF OF 
 1 Jonathan Marchessault                             60     1   2  2  
 2 Nick Cousins                                      40     1   2  2  

Penalty Kill - 3 Players Defense
   Defense                  Defense                  Time % Phy DF OF 
 1 Jarred Tinordi           Ryan Murphy              60     1   2  2  
 2 John Ramage              Connor Carrick           40     1   2  2  

4 vs 4 Forward 
   Center                   Wing                     Time % Phy DF OF 
 1 Jonathan Marchessault    Nick Cousins             60     1   2  2  
 2 Joseph Blandisi          Drake Caggiula           40     1   2  2  

4 vs 4 Defense
   Defense                  Defense                  Time % Phy DF OF 
 1 Jarred Tinordi           Ryan Murphy              60     1   2  2  
 2 John Ramage              Connor Carrick           40     1   2  2  

Last Minutes Offensive
   Center                   Left Wing                Right Wing               Defense                  Defense                  
   Jonathan Marchessault    Joseph Blandisi          Nick Cousins             Jarred Tinordi           Ryan Murphy              

Last Minutes Defensive
   Center                   Left Wing                Right Wing               Defense                  Defense                  
   Jonathan Marchessault    Joseph Blandisi          Nick Cousins             Jarred Tinordi           Ryan Murphy              

Goaltenders
Starting : Adin Hill                
Backup : Antoine Bibeau           

Extra Forwards
Normal : Sam Steel, Pius Suter, Michael Dal Colle - PP : Sam Steel, Pius Suter - PK : Michael Dal Colle
Extra Defensemen
Normal : Max Lajoie, Jonathan Racine, Xavier Ouellet - PP : Max Lajoie - PK : Jonathan Racine, Xavier Ouellet
Penalty Shots
Jonathan Marchessault, Nick Cousins, Joseph Blandisi, Drake Caggiula, Anthony Duclair

Scratches
Pascal Laberge (Healthy), Marian Studenic (Healthy), Walker Duehr (Healthy)

Wolfpack

5 vs 5 Forward 
   Center                   Left Wing                Right Wing               Time % Phy DF OF 
 1 Seth Griffith            David Pope               Sebastian Collberg       40     1   2  2  
 2 Casey Mittelstadt        Samuel Blais             Owen Tippet              30     1   2  2  
 3 Nolan Patrick            Dryden Hunt              Connor Chatam            20     1   2  2  
 4 Alex Barre-Boulet        Alexander Barabanov      Linus Sandin             10     1   2  2  

5 vs 5 Defense 
   Defense                  Defense                                           Time % Phy DF OF 
 1 Brett Ponich             Derrick Pouliot                                   40     1   2  2  
 2 Jonas Brodin             Steven Santini                                    30     1   2  2  
 3 Ryan Culkin              Colton White                                      20     1   2  2  
 4 Brett Ponich             Derrick Pouliot                                   10     1   2  2  

PowerPlay Forward 
   Center                   Left Wing                Right Wing               Time % Phy DF OF 
 1 Seth Griffith            David Pope               Sebastian Collberg       60     1   2  2  
 2 Casey Mittelstadt        Samuel Blais             Owen Tippet              40     1   2  2  

PowerPlay Defense
   Defense                  Defense                                           Time % Phy DF OF 
 1 Brett Ponich             Derrick Pouliot                                   60     1   2  2  
 2 Jonas Brodin             Steven Santini                                    40     1   2  2  

Penalty Kill 4 Players Forward 
   Center                   Wing                     Time % Phy DF OF 
 1 Casey Mittelstadt        Alexander Barabanov      60     1   2  2  
 2 Nolan Patrick            Samuel Blais             40     1   2  2  

Penalty Kill 4 Players Defense
   Defense                  Defense                  Time % Phy DF OF 
 1 Brett Ponich             Derrick Pouliot          60     1   2  2  
 2 Jonas Brodin             Steven Santini           40     1   2  2  

Penalty Kill - 3 Players Forward 
   Forward                                           Time % Phy DF OF 
 1 Casey Mittelstadt                                 60     1   2  2  
 2 Nolan Patrick                                     40     1   2  2  

Penalty Kill - 3 Players Defense
   Defense                  Defense                  Time % Phy DF OF 
 1 Brett Ponich             Derrick Pouliot          60     1   2  2  
 2 Jonas Brodin             Steven Santini           40     1   2  2  

4 vs 4 Forward 
   Center                   Wing                     Time % Phy DF OF 
 1 Casey Mittelstadt        Seth Griffith            60     1   2  2  
 2 Nolan Patrick            Samuel Blais             40     1   2  2  

4 vs 4 Defense
   Defense                  Defense                  Time % Phy DF OF 
 1 Brett Ponich             Derrick Pouliot          60     1   2  2  
 2 Jonas Brodin             Steven Santini           40     1   2  2  

Last Minutes Offensive
   Center                   Left Wing                Right Wing               Defense                  Defense                  
   Casey Mittelstadt        David Pope               Sebastian Collberg       Brett Ponich             Derrick Pouliot          

Last Minutes Defensive
   Center                   Left Wing                Right Wing               Defense                  Defense                  
   Casey Mittelstadt        David Pope               Sebastian Collberg       Brett Ponich             Derrick Pouliot          

Goaltenders
Starting : Ivan Fedotov             
Backup : Mike Condon              

Extra Forwards
Normal : Dryden Hunt, Alexander Barabanov, Casey Mittelstadt - PP : Dryden Hunt, Alexander Barabanov - PK : Dryden Hunt
Extra Defensemen
Normal : Steven Santini, Ryan Culkin, Colton White - PP : Steven Santini - PK : Steven Santini, Ryan Culkin
Penalty Shots
David Pope, Samuel Blais, Sebastian Collberg, Connor Chatam, Dryden Hunt

Scratches
Ryan Poehling (Healthy), Mason Shaw (Healthy), Jacob Middleton (Healthy), Jake Marchment (Healthy), Joel Kiviranta (Healthy)
Dylan Samberg (Healthy), Joshua Jacobs (Healthy), Cale Fleury (Healthy), Mikhail Vorobyev (Healthy), Will Borgen (Healthy)
Andrew Peeke (Healthy), Dante Fabbro (Healthy), Jeffrey Viel (Healthy), Yegor Korshkov (Healthy), Alexander Volkov (Healthy)
Harru Sateri (Healthy), Jake Paterson (Healthy)

% Time on Ice - Eagles

Lines # - Real PCT - Wanted PCT - Time Play
Normal Forward
1 - 34% - 40% - 14:55
2 - 26% - 30% - 11:32
3 - 22% - 20% - 9:50
4 - 18% - 10% - 7:59
Normal Defense
1 - 40% - 40% - 17:37
2 - 30% - 30% - 13:07
3 - 20% - 20% - 9:00
4 - 10% - 10% - 4:32
PP Forward
1 - 75% - 60% - 5:53
2 - 25% - 40% - 1:56
PP Defense
1 - 77% - 60% - 6:02
2 - 23% - 40% - 1:47
PK Forward
1 - 79% - 60% - 5:17
2 - 21% - 40% - 1:26
PK Defense
1 - 72% - 60% - 4:51
2 - 28% - 40% - 1:52
PK3 Forward
1 - 0% - 60%
2 - 0% - 40%
PK3 Defense
1 - 0% - 60%
2 - 0% - 40%
44 Forward
1 - 72% - 60% - 3:36
2 - 28% - 40% - 1:24
44 Defense
1 - 63% - 60% - 3:10
2 - 37% - 40% - 1:50
Last Minute Offensive  - 1:12
Last Minute Defensive  - 0:00
Total
Forward - 65:00
Defense - 65:00

% Time on Ice - Wolfpack

Lines # - Real PCT - Wanted PCT - Time Play
Normal Forward
1 - 36% - 40% - 16:12
2 - 27% - 30% - 12:20
3 - 20% - 20% - 9:10
4 - 17% - 10% - 7:46
Normal Defense
1 - 39% - 40% - 17:52
2 - 35% - 30% - 15:48
3 - 22% - 20% - 10:08
4 - 4% - 10% - 1:40
PP Forward
1 - 58% - 60% - 3:55
2 - 42% - 40% - 2:48
PP Defense
1 - 62% - 60% - 4:08
2 - 38% - 40% - 2:35
PK Forward
1 - 71% - 60% - 5:35
2 - 29% - 40% - 2:14
PK Defense
1 - 61% - 60% - 4:48
2 - 39% - 40% - 3:01
PK3 Forward
1 - 0% - 60%
2 - 0% - 40%
PK3 Defense
1 - 0% - 60%
2 - 0% - 40%
44 Forward
1 - 74% - 60% - 3:43
2 - 26% - 40% - 1:17
44 Defense
1 - 65% - 60% - 3:15
2 - 35% - 40% - 1:45
Last Minute Offensive  - 0:00
Last Minute Defensive  - 0:00
Total
Forward - 65:00
Defense - 65:00

Play-by-Play

1st period


0:01 of 1st period - Jonathan Marchessault wins face-off versus Seth Griffith in neutral zone.
0:35 of 1st period - Drake Caggiula is hit by Samuel Blais and loses puck.
0:48 of 1st period - Wrist shot by Gabriel Vilardi.
0:48 of 1st period - Deflect By Zach Aston-Reese.
0:48 of 1st period - Stopped by Ivan Fedotov with a rebound.
0:50 of 1st period - Snap shot by Zach Aston-Reese.
0:50 of 1st period - Shot Misses the Net.
1:32 of 1st period - Wrist shot by Joseph Blandisi.
1:32 of 1st period - Shot Misses the Net.
1:54 of 1st period - Snap shot by Tyler Motte.
1:54 of 1st period - Shot Misses the Net.
1:56 of 1st period - Wrist shot by Zach Aston-Reese.
1:56 of 1st period - Stopped by Ivan Fedotov with a rebound.
2:06 of 1st period - Jarred Tinordi is hit by Dryden Hunt and loses puck.
2:15 of 1st period - Derrick Pouliot is hit by Jarred Tinordi and loses puck.
2:32 of 1st period - Nick Cousins is hit by Derrick Pouliot and loses puck.
2:37 of 1st period - Snap shot by Alexander Barabanov.
2:37 of 1st period - Shot Misses the Net.
2:39 of 1st period - Slapshot by Alexander Barabanov.
2:39 of 1st period - Shot Misses the Net.
2:55 of 1st period - Snap shot by Jared McCann.
2:55 of 1st period - Stopped by Ivan Fedotov without a rebound.
2:56 of 1st period - Seth Griffith wins face-off versus Drake Caggiula in Wolfpack zone.
3:06 of 1st period - Sebastian Collberg is hit by John Ramage and loses puck.
3:11 of 1st period - Snap shot by Drake Caggiula.
3:11 of 1st period - Shot Misses the Net.
3:21 of 1st period - Connor Carrick is hit by Owen Tippet and loses puck.
3:34 of 1st period - Wrist shot by Samuel Blais.
3:34 of 1st period - Stopped by Adin Hill with a rebound.
3:44 of 1st period - Snap shot by Alexander Barabanov.
3:44 of 1st period - Deflect By Alex Barre-Boulet.
3:44 of 1st period - Shot Misses the Net.
3:44 of 1st period - Puck is out of play.
3:45 of 1st period - Alex Barre-Boulet wins face-off versus Jonathan Marchessault in Eagles zone.
4:10 of 1st period - Snap shot by Samuel Blais.
4:10 of 1st period - Shot Misses the Net.
4:18 of 1st period - Snap shot by Ryan Culkin.
4:18 of 1st period - Shot Blocked by Xavier Ouellet.
4:20 of 1st period - Slapshot by Ryan Culkin.
4:20 of 1st period - Shot Blocked by Xavier Ouellet.
4:22 of 1st period - Slapshot by Colton White.
4:22 of 1st period - Deflect By Xavier Ouellet.
4:22 of 1st period - Stopped by Adin Hill with a rebound.
4:54 of 1st period - Snap shot by Tyler Motte.
4:54 of 1st period - Stopped by Ivan Fedotov with a rebound.
4:56 of 1st period - Wrist shot by Zach Aston-Reese.
4:56 of 1st period - Shot Misses the Net.
4:58 of 1st period - Slapshot by Xavier Ouellet.
4:58 of 1st period - Deflect By Zach Aston-Reese.
4:58 of 1st period - Stopped by Ivan Fedotov with a rebound.
5:32 of 1st period - Snap shot by Owen Tippet.
5:32 of 1st period - Stopped by Adin Hill with a rebound.
6:27 of 1st period - Minor Penalty to Samuel Blais for Hooking.
6:28 of 1st period - Jonathan Marchessault wins face-off versus Casey Mittelstadt in Wolfpack zone.
8:27 of 1st period - Penalty to Samuel Blais is over, Samuel Blais is back on ice.
8:34 of 1st period - Wrist shot by Seth Griffith.
8:34 of 1st period - Goal by Seth Griffith - Eagles : 0 - Wolfpack : 1.
8:35 of 1st period - Seth Griffith wins face-off versus Zach Aston-Reese in neutral zone.
8:38 of 1st period - John Ramage is hit by Sebastian Collberg and loses puck.
8:43 of 1st period - Snap shot by Seth Griffith.
8:43 of 1st period - Stopped by Adin Hill with a rebound.
8:45 of 1st period - Slapshot by David Pope.
8:45 of 1st period - Shot Blocked by Gabriel Vilardi.
8:47 of 1st period - Snap shot by David Pope.
8:47 of 1st period - Stopped by Adin Hill without a rebound.
8:48 of 1st period - Jonathan Marchessault wins face-off versus Seth Griffith in Eagles zone.
8:50 of 1st period - Minor Penalty to Jonathan Marchessault for Hooking.
8:51 of 1st period - Michael Dal Colle wins face-off versus Seth Griffith in Eagles zone.
9:05 of 1st period - Slapshot by Jarred Tinordi.
9:05 of 1st period - Shot Blocked by Derrick Pouliot.
10:50 of 1st period - Penalty to Jonathan Marchessault is over, Jonathan Marchessault is back on ice.
10:54 of 1st period - Snap shot by Zach Aston-Reese.
10:54 of 1st period - Shot Misses the Net.
11:31 of 1st period - Jonathan Racine is hit by Alexander Barabanov and loses puck.
12:42 of 1st period - Slapshot by Michael Carcone.
12:42 of 1st period - Shot Misses the Net.
12:44 of 1st period - Snap shot by Chris Calhan.
12:44 of 1st period - Shot Misses the Net.
12:46 of 1st period - Snap shot by Jonathan Racine.
12:46 of 1st period - Shot Hit the Post.
12:48 of 1st period - Slapshot by Xavier Ouellet.
12:48 of 1st period - Stopped by Ivan Fedotov with a rebound.
12:50 of 1st period - Slapshot by Jonathan Racine.
12:50 of 1st period - Shot Misses the Net.
12:52 of 1st period - Snap shot by Jonathan Racine.
12:52 of 1st period - Deflect By Chris Calhan.
12:52 of 1st period - Shot Misses the Net.
12:52 of 1st period - Puck is out of play.
12:53 of 1st period - Jonathan Marchessault wins face-off versus Seth Griffith in Wolfpack zone.
13:00 of 1st period - Snap shot by Nick Cousins.
13:00 of 1st period - Goal by Nick Cousins - Eagles : 1 - Wolfpack : 1.
13:01 of 1st period - Jonathan Marchessault wins face-off versus Sebastian Collberg in neutral zone.
13:03 of 1st period - Off-side.
13:04 of 1st period - Jonathan Marchessault wins face-off versus David Pope in neutral zone.
13:07 of 1st period - Seth Griffith is hit by Jarred Tinordi and loses puck.
13:38 of 1st period - Wrist shot by Anthony Duclair.
13:38 of 1st period - Shot Misses the Net.
13:40 of 1st period - Minor Penalty to Derrick Pouliot for Tripping.
13:41 of 1st period - Jonathan Marchessault wins face-off versus Casey Mittelstadt in Wolfpack zone.
13:42 of 1st period - Snap shot by Nick Cousins.
13:42 of 1st period - Shot Misses the Net.
13:48 of 1st period - Snap shot by Jonathan Marchessault.
13:48 of 1st period - Stopped by Ivan Fedotov with a rebound.
13:50 of 1st period - Slapshot by Ryan Murphy.
13:50 of 1st period - Deflect By Nick Cousins.
13:50 of 1st period - Stopped by Ivan Fedotov without a rebound.
13:51 of 1st period - Casey Mittelstadt wins face-off versus Jonathan Marchessault in Wolfpack zone.
14:10 of 1st period - Snap shot by Joseph Blandisi.
14:10 of 1st period - Shot Misses the Net.
14:20 of 1st period - Snap shot by Joseph Blandisi.
14:20 of 1st period - Shot Blocked by Alexander Barabanov.
14:50 of 1st period - Jonas Brodin is hit by Jonathan Marchessault and loses puck.
15:35 of 1st period - Slapshot by Jonathan Marchessault.
15:35 of 1st period - Shot Hit the Post.
15:37 of 1st period - Slapshot by Ryan Murphy.
15:37 of 1st period - Stopped by Ivan Fedotov without a rebound.
15:38 of 1st period - Casey Mittelstadt wins face-off versus Drake Caggiula in Wolfpack zone.
15:40 of 1st period - Penalty to Derrick Pouliot is over, Derrick Pouliot is back on ice.
15:51 of 1st period - Wrist shot by Seth Griffith.
15:51 of 1st period - Stopped by Adin Hill without a rebound.
15:52 of 1st period - Seth Griffith wins face-off versus Drake Caggiula in Eagles zone.
15:59 of 1st period - Snap shot by Seth Griffith.
15:59 of 1st period - Shot Misses the Net.
16:01 of 1st period - Wrist shot by Seth Griffith.
16:01 of 1st period - Shot Misses the Net.
16:03 of 1st period - Snap shot by Brett Ponich.
16:03 of 1st period - Shot Blocked by John Ramage.
16:05 of 1st period - Snap shot by Brett Ponich.
16:05 of 1st period - Deflect By David Pope.
16:05 of 1st period - Shot Blocked by Connor Carrick.
16:05 of 1st period - Puck is out of play.
16:06 of 1st period - Seth Griffith wins face-off versus Matteson Iacopelli in Eagles zone.
16:32 of 1st period - Brett Ponich is hit by Zach Aston-Reese and loses puck.
16:43 of 1st period - Wrist shot by Zach Aston-Reese.
16:43 of 1st period - Stopped by Ivan Fedotov with a rebound.
17:01 of 1st period - Chris Calhan is hit by Samuel Blais.
17:45 of 1st period - Snap shot by Nolan Patrick.
17:45 of 1st period - Stopped by Adin Hill without a rebound.
17:46 of 1st period - Jared McCann wins face-off versus Nolan Patrick in Eagles zone.
17:46 of 1st period - Jared McCann is hit by Nolan Patrick.
17:54 of 1st period - Slapshot by John Ramage.
17:54 of 1st period - Shot Misses the Net.
18:02 of 1st period - Chris Calhan is hit by Dryden Hunt and loses puck.
18:35 of 1st period - Connor Carrick is hit by Linus Sandin and loses puck.
18:42 of 1st period - Snap shot by Alexander Barabanov.
18:42 of 1st period - Stopped by Adin Hill without a rebound.
18:43 of 1st period - Jonathan Marchessault wins face-off versus Seth Griffith in Eagles zone.
18:43 of 1st period - Jonathan Marchessault is hit by Seth Griffith.
18:49 of 1st period - Wrist shot by Ryan Murphy.
18:49 of 1st period - Stopped by Ivan Fedotov with a rebound.
18:53 of 1st period - Slapshot by Joseph Blandisi.
18:53 of 1st period - Stopped by Ivan Fedotov with a rebound.
18:55 of 1st period - Slapshot by Ryan Murphy.
18:55 of 1st period - Stopped by Ivan Fedotov with a rebound.
19:30 of 1st period - Snap shot by Zach Aston-Reese.
19:30 of 1st period - Shot Misses the Net.
19:55 of 1st period - Snap shot by Jonathan Marchessault.
19:55 of 1st period - Stopped by Ivan Fedotov without a rebound.
19:56 of 1st period - Alex Barre-Boulet wins face-off versus Jonathan Marchessault in Wolfpack zone.
19:58 of 1st period - Minor Penalty to Derrick Pouliot for Hooking.
19:59 of 1st period - Joseph Blandisi wins face-off versus Casey Mittelstadt in Wolfpack zone.
19:59 of 1st period - Slapshot by Nick Cousins.
19:59 of 1st period - Shot Misses the Net.
Goals for this period are 1 for Eagles vs 1 for Wolfpack.
Shots for this period are 15 for Eagles vs 9 for Wolfpack.

2nd period


0:01 of 2nd period - Casey Mittelstadt wins face-off versus Jonathan Marchessault in neutral zone.
0:14 of 2nd period - Wrist shot by Nick Cousins.
0:14 of 2nd period - Stopped by Ivan Fedotov without a rebound.
0:15 of 2nd period - Jonathan Marchessault wins face-off versus Casey Mittelstadt in Wolfpack zone.
0:18 of 2nd period - Wrist shot by Nick Cousins.
0:18 of 2nd period - Goal by Nick Cousins - Eagles : 2 - Wolfpack : 1.
0:19 of 2nd period - David Pope wins face-off versus Jonathan Marchessault in neutral zone.
0:44 of 2nd period - Casey Mittelstadt is hit by Ryan Murphy and loses puck.
1:03 of 2nd period - Nolan Patrick is hit by Connor Carrick and loses puck.
1:14 of 2nd period - Wrist shot by Tyler Motte.
1:14 of 2nd period - Shot Misses the Net.
1:26 of 2nd period - Slapshot by Seth Griffith.
1:26 of 2nd period - Stopped by Adin Hill without a rebound.
1:27 of 2nd period - Seth Griffith wins face-off versus Jared McCann in Eagles zone.
1:30 of 2nd period - Wrist shot by Seth Griffith.
1:30 of 2nd period - Stopped by Adin Hill without a rebound.
1:31 of 2nd period - Seth Griffith wins face-off versus Jonathan Marchessault in Eagles zone.
3:05 of 2nd period - Slapshot by Brett Ponich.
3:05 of 2nd period - Shot Misses the Net.
3:07 of 2nd period - Slapshot by Derrick Pouliot.
3:07 of 2nd period - Stopped by Adin Hill with a rebound.
3:09 of 2nd period - Slapshot by Brett Ponich.
3:09 of 2nd period - Deflect By Nolan Patrick.
3:09 of 2nd period - Stopped by Adin Hill with a rebound.
3:11 of 2nd period - Wrist shot by Connor Chatam.
3:11 of 2nd period - Stopped by Adin Hill with a rebound.
3:13 of 2nd period - Snap shot by Derrick Pouliot.
3:13 of 2nd period - Shot Blocked by John Ramage.
3:58 of 2nd period - Wrist shot by Zach Aston-Reese.
3:58 of 2nd period - Stopped by Ivan Fedotov without a rebound.
3:59 of 2nd period - Jonathan Marchessault wins face-off versus Nolan Patrick in Wolfpack zone.
4:28 of 2nd period - Colton White is hit by Nick Cousins.
4:38 of 2nd period - Wrist shot by Jonathan Marchessault.
4:38 of 2nd period - Shot Misses the Net.
4:40 of 2nd period - Slapshot by Jonathan Marchessault.
4:40 of 2nd period - Stopped by Ivan Fedotov without a rebound.
4:41 of 2nd period - Drake Caggiula wins face-off versus Seth Griffith in Wolfpack zone.
4:44 of 2nd period - Snap shot by Matteson Iacopelli.
4:44 of 2nd period - Stopped by Ivan Fedotov without a rebound.
4:45 of 2nd period - Seth Griffith wins face-off versus Drake Caggiula in Wolfpack zone.
4:45 of 2nd period - Seth Griffith is hit by Matteson Iacopelli.
4:55 of 2nd period - Slapshot by Derrick Pouliot.
4:55 of 2nd period - Stopped by Adin Hill with a rebound.
5:45 of 2nd period - Snap shot by Connor Chatam.
5:45 of 2nd period - Shot Blocked by Joseph Blandisi.
7:00 of 2nd period - Connor Chatam is hit by Mark Friedman and loses puck.
7:19 of 2nd period - Alexander Barabanov is hit by Keaton Middleton and loses puck.
7:54 of 2nd period - Joseph Blandisi is hit by Steven Santini and loses puck.
8:38 of 2nd period - Snap shot by Matteson Iacopelli.
8:38 of 2nd period - Stopped by Ivan Fedotov without a rebound.
8:39 of 2nd period - David Pope wins face-off versus Zach Aston-Reese in Wolfpack zone.
8:44 of 2nd period - Snap shot by Seth Griffith.
8:44 of 2nd period - Shot Misses the Net.
9:04 of 2nd period - Nick Cousins is hit by Ryan Culkin and loses puck.
9:25 of 2nd period - Snap shot by Nolan Patrick.
9:25 of 2nd period - Stopped by Adin Hill with a rebound.
10:29 of 2nd period - Off-side.
10:30 of 2nd period - Seth Griffith wins face-off versus Jonathan Marchessault in neutral zone.
10:33 of 2nd period - Nick Cousins is hit by Seth Griffith and loses puck.
11:08 of 2nd period - Off-side.
11:09 of 2nd period - Jonathan Marchessault wins face-off versus Casey Mittelstadt in neutral zone.
11:32 of 2nd period - Minor Penalty to Joseph Blandisi for Roughing.
11:33 of 2nd period - Jonathan Marchessault wins face-off versus Seth Griffith in Eagles zone.
13:20 of 2nd period - Derrick Pouliot is hit by Jarred Tinordi and loses puck.
13:32 of 2nd period - Penalty to Joseph Blandisi is over, Joseph Blandisi is back on ice.
14:02 of 2nd period - Wrist shot by Gabriel Vilardi.
14:02 of 2nd period - Goal by Gabriel Vilardi - Eagles : 3 - Wolfpack : 1.
14:03 of 2nd period - Seth Griffith wins face-off versus Jonathan Marchessault in neutral zone.
14:34 of 2nd period - Snap shot by Casey Mittelstadt.
14:34 of 2nd period - Stopped by Adin Hill without a rebound.
14:35 of 2nd period - Jonathan Marchessault wins face-off versus Casey Mittelstadt in Eagles zone.
14:44 of 2nd period - Wrist shot by Nick Cousins.
14:44 of 2nd period - Shot Misses the Net.
14:50 of 2nd period - Snap shot by Nick Cousins.
14:50 of 2nd period - Shot Blocked by Colton White.
15:13 of 2nd period - Snap shot by David Pope.
15:13 of 2nd period - Deflect By Seth Griffith.
15:13 of 2nd period - Shot Misses the Net.
15:13 of 2nd period - Puck is out of play.
15:14 of 2nd period - Nolan Patrick wins face-off versus Jonathan Marchessault in Eagles zone.
15:41 of 2nd period - Brett Ponich is hit by Matteson Iacopelli and loses puck.
15:59 of 2nd period - Brett Ponich is hit by Gabriel Vilardi.
16:01 of 2nd period - Slapshot by Samuel Blais.
16:01 of 2nd period - Stopped by Adin Hill with a rebound.
16:03 of 2nd period - Slapshot by Samuel Blais.
16:03 of 2nd period - Stopped by Adin Hill with a rebound.
16:05 of 2nd period - Slapshot by Brett Ponich.
16:05 of 2nd period - Shot Blocked by Connor Carrick.
16:41 of 2nd period - Snap shot by Michael Carcone.
16:41 of 2nd period - Stopped by Ivan Fedotov with a rebound.
16:45 of 2nd period - Snap shot by Jared McCann.
16:45 of 2nd period - Stopped by Ivan Fedotov with a rebound.
16:47 of 2nd period - Slapshot by Xavier Ouellet.
16:47 of 2nd period - Shot Misses the Net.
16:49 of 2nd period - Wrist shot by Michael Carcone.
16:49 of 2nd period - Stopped by Ivan Fedotov with a rebound.
16:55 of 2nd period - Minor Penalty to Connor Chatam for Hooking.
16:56 of 2nd period - Jonathan Marchessault wins face-off versus Casey Mittelstadt in Wolfpack zone.
16:57 of 2nd period - Snap shot by Nick Cousins.
16:57 of 2nd period - Shot Misses the Net.
17:05 of 2nd period - Slapshot by Derrick Pouliot.
17:05 of 2nd period - Stopped by Adin Hill with a rebound.
17:07 of 2nd period - Slapshot by Derrick Pouliot.
17:07 of 2nd period - Shot Blocked by Jarred Tinordi.
17:09 of 2nd period - Snap shot by Casey Mittelstadt.
17:09 of 2nd period - Stopped by Adin Hill with a rebound.
17:14 of 2nd period - Icing by Jarred Tinordi.
17:15 of 2nd period - Jonathan Marchessault wins face-off versus Casey Mittelstadt in Eagles zone.
17:20 of 2nd period - Derrick Pouliot is hit by Jonathan Marchessault and loses puck.
17:53 of 2nd period - Slapshot by Jarred Tinordi.
17:53 of 2nd period - Shot Blocked by Steven Santini.
17:55 of 2nd period - Wrist shot by Nick Cousins.
17:55 of 2nd period - Shot Blocked by Samuel Blais.
17:57 of 2nd period - Wrist shot by Jonathan Marchessault.
17:57 of 2nd period - Shot Misses the Net.
17:59 of 2nd period - Slapshot by Jonathan Marchessault.
17:59 of 2nd period - Shot Misses the Net.
18:27 of 2nd period - Slapshot by Nick Cousins.
18:27 of 2nd period - Goal by Nick Cousins - Eagles : 4 - Wolfpack : 1.
18:28 of 2nd period - Seth Griffith wins face-off versus Drake Caggiula in neutral zone.
18:32 of 2nd period - Minor Penalty to Matteson Iacopelli for Hooking.
18:33 of 2nd period - Jonathan Marchessault wins face-off versus Seth Griffith in Eagles zone.
19:02 of 2nd period - Wrist shot by Samuel Blais.
19:02 of 2nd period - Goal by Samuel Blais - Eagles : 4 - Wolfpack : 2.
19:03 of 2nd period - Seth Griffith wins face-off versus Matteson Iacopelli in neutral zone.
19:27 of 2nd period - Icing by Seth Griffith.
19:28 of 2nd period - Jonathan Marchessault wins face-off versus Seth Griffith in Wolfpack zone.
19:29 of 2nd period - Slapshot by Nick Cousins.
19:29 of 2nd period - Shot Misses the Net.
19:31 of 2nd period - Slapshot by John Ramage.
19:31 of 2nd period - Shot Blocked by Sebastian Collberg.
19:43 of 2nd period - Wrist shot by Sebastian Collberg.
19:43 of 2nd period - Shot Blocked by Connor Carrick.
Goals for this period are 3 for Eagles vs 1 for Wolfpack.
Shots for this period are 11 for Eagles vs 13 for Wolfpack.

3rd period


0:01 of 3rd period - Jonathan Marchessault wins face-off versus Seth Griffith in neutral zone.
1:12 of 3rd period - Snap shot by Gabriel Vilardi.
1:12 of 3rd period - Shot Blocked by Steven Santini.
1:35 of 3rd period - Backhand shot by Seth Griffith.
1:35 of 3rd period - Shot Misses the Net.
1:39 of 3rd period - Snap shot by David Pope.
1:39 of 3rd period - Shot Misses the Net.
1:41 of 3rd period - Snap shot by David Pope.
1:41 of 3rd period - Shot Misses the Net.
1:43 of 3rd period - Snap shot by David Pope.
1:43 of 3rd period - Stopped by Adin Hill with a rebound.
1:49 of 3rd period - Minor Penalty to Xavier Ouellet for Kneeing.
1:50 of 3rd period - Seth Griffith wins face-off versus Nick Cousins in Eagles zone.
1:53 of 3rd period - Wrist shot by Seth Griffith.
1:53 of 3rd period - Stopped by Adin Hill without a rebound.
1:54 of 3rd period - Seth Griffith wins face-off versus Jonathan Marchessault in Eagles zone.
2:03 of 3rd period - Snap shot by Seth Griffith.
2:03 of 3rd period - Stopped by Adin Hill with a rebound.
2:05 of 3rd period - Snap shot by Seth Griffith.
2:05 of 3rd period - Goal by Seth Griffith - Eagles : 4 - Wolfpack : 3.
2:06 of 3rd period - Seth Griffith wins face-off versus Jonathan Marchessault in neutral zone.
2:21 of 3rd period - Snap shot by Joseph Blandisi.
2:21 of 3rd period - Stopped by Ivan Fedotov with a rebound.
2:51 of 3rd period - Snap shot by Derrick Pouliot.
2:51 of 3rd period - Shot Misses the Net.
3:37 of 3rd period - Wrist shot by Michael Carcone.
3:37 of 3rd period - Shot Blocked by Brett Ponich.
3:54 of 3rd period - Owen Tippet is hit by Matteson Iacopelli and loses puck.
4:21 of 3rd period - Icing by Derrick Pouliot.
4:22 of 3rd period - Nolan Patrick wins face-off versus Jonathan Marchessault in Wolfpack zone.
4:33 of 3rd period - Slapshot by Brett Ponich.
4:33 of 3rd period - Stopped by Adin Hill with a rebound.
4:35 of 3rd period - Slapshot by Brett Ponich.
4:35 of 3rd period - Shot Blocked by John Ramage.
4:37 of 3rd period - Slapshot by Brett Ponich.
4:37 of 3rd period - Deflect By Connor Chatam.
4:37 of 3rd period - Stopped by Adin Hill without a rebound.
4:38 of 3rd period - Matteson Iacopelli wins face-off versus Seth Griffith in Eagles zone.
4:42 of 3rd period - Off-side.
4:43 of 3rd period - Drake Caggiula wins face-off versus Seth Griffith in neutral zone.
4:46 of 3rd period - Sebastian Collberg is hit by Jarred Tinordi and loses puck.
5:38 of 3rd period - Snap shot by Nick Cousins.
5:38 of 3rd period - Shot Blocked by Linus Sandin.
5:40 of 3rd period - Snap shot by Joseph Blandisi.
5:40 of 3rd period - Stopped by Ivan Fedotov with a rebound.
5:42 of 3rd period - Backhand shot by Jonathan Marchessault.
5:42 of 3rd period - Shot Blocked by Colton White.
5:44 of 3rd period - Slapshot by Jarred Tinordi.
5:44 of 3rd period - Stopped by Ivan Fedotov with a rebound.
5:46 of 3rd period - Snap shot by Nick Cousins.
5:46 of 3rd period - Stopped by Ivan Fedotov with a rebound.
5:56 of 3rd period - Wrist shot by Joseph Blandisi.
5:56 of 3rd period - Shot Misses the Net.
5:58 of 3rd period - Slapshot by Jarred Tinordi.
5:58 of 3rd period - Shot Blocked by Ryan Culkin.
6:00 of 3rd period - Wrist shot by Nick Cousins.
6:00 of 3rd period - Shot Misses the Net.
6:02 of 3rd period - Wrist shot by Nick Cousins.
6:02 of 3rd period - Shot Misses the Net.
6:04 of 3rd period - Slapshot by Jonathan Marchessault.
6:04 of 3rd period - Stopped by Ivan Fedotov with a rebound.
6:18 of 3rd period - Jarred Tinordi is hit by Ryan Culkin and loses puck.
6:41 of 3rd period - Slapshot by Jonathan Marchessault.
6:41 of 3rd period - Stopped by Ivan Fedotov without a rebound.
6:42 of 3rd period - Drake Caggiula wins face-off versus Samuel Blais in Wolfpack zone.
7:34 of 3rd period - Wrist shot by Samuel Blais.
7:34 of 3rd period - Shot Hit the Post.
7:52 of 3rd period - Wrist shot by Samuel Blais.
7:52 of 3rd period - Shot Misses the Net.
7:54 of 3rd period - Slapshot by Jonas Brodin.
7:54 of 3rd period - Stopped by Adin Hill with a rebound.
7:56 of 3rd period - Slapshot by Steven Santini.
7:56 of 3rd period - Shot Misses the Net.
8:04 of 3rd period - Wrist shot by Samuel Blais.
8:04 of 3rd period - Goal by Samuel Blais - Eagles : 4 - Wolfpack : 4.
8:05 of 3rd period - Sebastian Collberg wins face-off versus Drake Caggiula in neutral zone.
8:18 of 3rd period - Slapshot by John Ramage.
8:18 of 3rd period - Shot Misses the Net.
8:20 of 3rd period - Slapshot by John Ramage.
8:20 of 3rd period - Deflect By Anthony Duclair.
8:20 of 3rd period - Shot Blocked by Brett Ponich.
8:20 of 3rd period - Puck is out of play.
8:21 of 3rd period - Jonathan Marchessault wins face-off versus Nolan Patrick in Wolfpack zone.
8:33 of 3rd period - Icing by Ryan Murphy.
8:34 of 3rd period - Jonathan Marchessault wins face-off versus Seth Griffith in Eagles zone.
10:50 of 3rd period - Jared McCann is hit by Casey Mittelstadt and loses puck.
11:11 of 3rd period - Wrist shot by Tyler Motte.
11:11 of 3rd period - Shot Misses the Net.
11:25 of 3rd period - Snap shot by Jonathan Marchessault.
11:25 of 3rd period - Shot Blocked by Derrick Pouliot.
12:07 of 3rd period - Minor Penalty to Jonathan Racine for Slashing.
12:08 of 3rd period - Jonathan Marchessault wins face-off versus Seth Griffith in Eagles zone.
12:08 of 3rd period - Jonathan Marchessault is hit by Seth Griffith.
12:16 of 3rd period - Off-side.
12:17 of 3rd period - Seth Griffith wins face-off versus Jonathan Marchessault in neutral zone.
12:22 of 3rd period - Slapshot by Steven Santini.
12:22 of 3rd period - Shot Misses the Net.
12:28 of 3rd period - Slapshot by Jonas Brodin.
12:28 of 3rd period - Stopped by Adin Hill without a rebound.
12:29 of 3rd period - Seth Griffith wins face-off versus Jonathan Marchessault in Eagles zone.
13:18 of 3rd period - Connor Carrick is hit by David Pope and loses puck.
13:33 of 3rd period - Wrist shot by Drake Caggiula.
13:33 of 3rd period - Stopped by Ivan Fedotov with a rebound.
14:07 of 3rd period - Penalty to Jonathan Racine is over, Jonathan Racine is back on ice.
14:09 of 3rd period - Jonathan Racine is hit by Seth Griffith and loses puck.
14:24 of 3rd period - Snap shot by Alexander Barabanov.
14:24 of 3rd period - Deflect By Alex Barre-Boulet.
14:24 of 3rd period - Goal by Alex Barre-Boulet - Eagles : 4 - Wolfpack : 5.
14:25 of 3rd period - Casey Mittelstadt wins face-off versus Jonathan Marchessault in neutral zone.
14:40 of 3rd period - Connor Carrick is hit by Brett Ponich and loses puck.
14:46 of 3rd period - Minor Penalty to Samuel Blais for Holding.
14:47 of 3rd period - Jonathan Marchessault wins face-off versus Casey Mittelstadt in Wolfpack zone.
14:57 of 3rd period - Snap shot by Nick Cousins.
14:57 of 3rd period - Shot Blocked by Brett Ponich.
14:59 of 3rd period - Slapshot by Jarred Tinordi.
14:59 of 3rd period - Stopped by Ivan Fedotov with a rebound.
15:01 of 3rd period - Snap shot by Nick Cousins.
15:01 of 3rd period - Shot Misses the Net.
15:03 of 3rd period - Snap shot by Jonathan Marchessault.
15:03 of 3rd period - Deflect By Casey Mittelstadt.
15:03 of 3rd period - Stopped by Ivan Fedotov with a rebound.
16:46 of 3rd period - Penalty to Samuel Blais is over, Samuel Blais is back on ice.
16:51 of 3rd period - Off-side.
16:52 of 3rd period - Seth Griffith wins face-off versus Gabriel Vilardi in neutral zone.
16:55 of 3rd period - Xavier Ouellet is hit by David Pope and loses puck.
17:02 of 3rd period - Ryan Culkin is hit by Gabriel Vilardi and loses puck.
18:10 of 3rd period - Samuel Blais is hit by Ryan Murphy and loses puck.
18:54 of 3rd period - Eagles, Adin Hill is pulled from the net.
18:54 of 3rd period - Wrist shot by Jonathan Marchessault.
18:54 of 3rd period - Shot Misses the Net.
19:04 of 3rd period - Wrist shot by Nick Cousins.
19:04 of 3rd period - Stopped by Ivan Fedotov with a rebound.
19:12 of 3rd period - Snap shot by Joseph Blandisi.
19:12 of 3rd period - Shot Blocked by Steven Santini.
19:14 of 3rd period - Wrist shot by Jonathan Marchessault.
19:14 of 3rd period - Shot Blocked by Jonas Brodin.
19:26 of 3rd period - Snap shot by Jonathan Marchessault.
19:26 of 3rd period - Stopped by Ivan Fedotov with a rebound.
19:57 of 3rd period - Wrist shot by Nick Cousins.
19:57 of 3rd period - Shot Misses the Net.
19:59 of 3rd period - Snap shot by Nick Cousins.
19:59 of 3rd period - Goal by Nick Cousins - Eagles : 5 - Wolfpack : 5.
19:59 of 3rd period - Adin Hill from Eagles was sent back in the game.
Goals for this period are 1 for Eagles vs 3 for Wolfpack.
Shots for this period are 12 for Eagles vs 10 for Wolfpack.

Overtime #1


0:01 of 1st overtime period - Casey Mittelstadt wins face-off versus Jonathan Marchessault in neutral zone.
0:06 of 1st overtime period - Slapshot by Seth Griffith.
0:06 of 1st overtime period - Shot Misses the Net.
0:51 of 1st overtime period - Drake Caggiula is hit by Samuel Blais and loses puck.
1:47 of 1st overtime period - David Pope is hit by Drake Caggiula and loses puck.
2:17 of 1st overtime period - Jonathan Racine is hit by Nolan Patrick and loses puck.
2:56 of 1st overtime period - David Pope is hit by Ryan Murphy and loses puck.
3:05 of 1st overtime period - David Pope is hit by Jarred Tinordi and loses puck.
3:22 of 1st overtime period - Drake Caggiula is hit by Nolan Patrick and loses puck.
3:33 of 1st overtime period - Slapshot by Samuel Blais.
3:33 of 1st overtime period - Shot Misses the Net.
4:00 of 1st overtime period - Jarred Tinordi is hit by Brett Ponich.
4:24 of 1st overtime period - Colton White is hit by Drake Caggiula and loses puck.
Goals for this period are 0 for Eagles vs 0 for Wolfpack.
Shots for this period are 0 for Eagles vs 0 for Wolfpack.

ShootOut


5:00 of 1st overtime period - Round #1.
5:00 of 1st overtime period - Eagles, Jonathan Marchessault.
5:00 of 1st overtime period - Backhand shot by Jonathan Marchessault.
5:00 of 1st overtime period - Shot Misses the Net.
5:00 of 1st overtime period - Wolfpack, David Pope.
5:00 of 1st overtime period - Deke by David Pope.
5:00 of 1st overtime period - Goal by David Pope.
5:00 of 1st overtime period - Round #2.
5:00 of 1st overtime period - Eagles, Nick Cousins.
5:00 of 1st overtime period - Deke by Nick Cousins.
5:00 of 1st overtime period - Shot Misses the Net.
5:00 of 1st overtime period - Wolfpack, Samuel Blais.
5:00 of 1st overtime period - Snap shot by Samuel Blais.
5:00 of 1st overtime period - Shot Misses the Net.
5:00 of 1st overtime period - Round #3.
5:00 of 1st overtime period - Eagles, Joseph Blandisi.
5:00 of 1st overtime period - Wrist shot by Joseph Blandisi.
5:00 of 1st overtime period - Shot Misses the Net.